 Dungeon Crawl Stone Soup version 0.31-a0-986-g5e6e4ef867 (webtiles) character file.

Game seed: 13350536732463711006

19232 Adrian566 the Carver (level 12, -5/80 HPs)
             Began as a Vampire Shapeshifter on Nov 13, 2023.
             Was an Elder of Hepliaklqana.
             Slain by a white ugly thing (24 damage)
             ... on level 12 of the Dungeon.
             The game lasted 00:16:28 (11293 turns).

Adrian566 the Carver (Vampire Shapeshifter)        Turns: 11293, Time: 00:16:29

Health: -5/80      AC: 16    Str:  9    XL:     12   Next: 34%
Magic:  12/12      EV:  2    Int: 13    God:    Hepliaklqana [****..]
Gold:   479        SH:  0    Dex: 18    Spells: 11/11 levels left

rFire   . . .        h - +4 great sword (heavy)
rCold   . . .        (shield currently unavailable)
rNeg    . . .        q - +0 plate armour
rPois   .            (helmet currently unavailable)
rElec   .            D - melded +0 cloak
rCorr   .            (gloves currently unavailable)
SInv    +            r - melded +2 pair of boots
Will    +....        j - amulet of regeneration
Stlth   x              - +4 ring of protection
HPRegen 1.33/turn    (no ring)
MPRegen 0.13/turn

%: no passive effects
@: beast-form, healing quickly
A: beast (slay +4), reduced essence, alive, fangs 3, see invisible, vampiric 2,
hooves 1, weak 2
a: Exsanguinate, Begin Untransformation, Renounce Religion, Recall Ancestor,
Ancestor Identity, Transference, Idealise


You were on level 12 of the Dungeon.
You worshipped Hepliaklqana.
Hepliaklqana was greatly pleased with you.
You were a hulking beast.
You visited 2 branches of the dungeon, and saw 13 of its levels.
You also visited: Ossuary.

You collected 745 gold pieces.
You spent 266 gold pieces at shops.

Inventory:

Hand Weapons
 e - a +1 spectral falchion
 h - a +4 heavy great sword (weapon)
Armour
 o - an orb of light
 q - a +0 plate armour (worn)
 r - a +2 pair of boots (melded)
 D - a +0 cloak (melded)
 O - a +2 hat
Jewellery
 g - an amulet of guardian spirit
 j - an amulet of regeneration (around neck)
 k - an amulet of the acrobat
 m - a ring of fire
 x - a +4 ring of protection (left hand)
 H - a ring of wizardry
 J - a ring of willpower
 S - a ring of ice
Talismans
 d - a flux talisman
 M - a beast talisman (active)
Wands
 c - a wand of paralysis (3)
 y - a wand of roots (7)
 B - a wand of flame (34)
 I - a wand of acid (8)
 N - a wand of polymorph (3)
 P - a wand of mindburst (8)
 Q - a wand of digging (4)
Scrolls
 b - 4 scrolls of revelation
 f - 3 scrolls of vulnerability
 l - 2 scrolls of immolation
 n - 2 scrolls of amnesia
 p - 2 scrolls of poison
 s - 3 scrolls of teleportation
 A - a scroll of enchant armour
 C - 2 scrolls of noise
 E - a scroll of fog
 F - 2 scrolls of fear
Potions
 a - a potion of cancellation
 i - a potion of might {unknown}
 t - 4 potions of curing
 u - a potion of mutation
 v - 3 potions of lignification
 w - 3 potions of attraction
 z - a potion of magic
 G - a potion of brilliance
 K - a potion of resistance
 L - a potion of enlightenment
 R - a potion of heal wounds


   Skills:
 + Level 6.4 Fighting
 * Level 14.8 Long Blades
 - Level 1.0 Polearms
 + Level 6.5 Armour
 + Level 3.7 Dodging
 + Level 3.4 Stealth
 + Level 3.8 Unarmed Combat
 * Level 9.2 Shapeshifting


You had 11 spell levels left.
You didn't know any spells.
Your spell library contained the following spells:

 Spells                   Type           Power      Damage    Failure   Level
 Apportation              Tloc           0%         N/A       100%        1
 Blink                    Tloc           0%         N/A       100%        2
 Jinxbite                 Hex            0%         N/A       100%        2
 Lesser Beckoning         Tloc           0%         N/A       100%        2
 Momentum Strike          Conj/Tloc      0%         3d8       100%        2
 Sublimation of Blood     Necr           0%         N/A       100%        2
 Hailstorm                Conj/Ice       0%         3d3       100%        3
 Petrify                  Tmut/Erth      0%         N/A       100%        4
 Summon Ice Beast         Ice/Summ       0%         N/A       100%        4
 Alistair's Intoxication  Tmut/Pois      0%         N/A       100%        5
 Borgnjor's Vile Clutch   Necr/Erth      0%         N/A       100%        5
 Irradiate                Conj/Tmut      0%         3d11      100%        5
 Eringya's Noxious Bog    Tmut/Pois      0%         4d6       100%        6
 Simulacrum               Ice/Necr       0%         N/A       100%        6


Dungeon Overview and Level Annotations

Branches:
Dungeon (12/15)            Temple (1/1) D:5            Lair (0/5) D:10
    Orc (0/2) D:9         Ossuary (visited)

Altars:
Ashenzari
Cheibriados
Dithmenos
Fedhas
Gozag
Hepliaklqana
Kikubaaqudgha
Makhleb
Nemelex Xobeh
Okawaru
Qazlal
Ru
Sif Muna
Trog
Uskayaw
Vehumet
Wu Jian
Xom
Yredelemnul

Shops:
D:1 [   D:7 (   D:11 (


Innate Abilities, Weirdness & Mutations

You are a hulking beast.
Your limbs bulge with bestial killing power. (Slay +4)
Your life essence is reduced to manifest your ancestor. (-10% HP)
Your natural rate of healing is accelerated.
You have razor-sharp teeth.
You have supernaturally acute eyesight. (SInv)
You are afflicted with vampirism and can become a bat while bloodless.
You have large cloven feet.
You are very weak. (Str -4)


Message History

No target in view!
No target in view!
No target in view!
No target in view!
No target in view!
No target in view!
No target in view!
HP restored.
A - a scroll of enchant armour
J - a ring of willpower An orc comes into view.
It is wielding a +0 club.
The orc shouts!
You hear a horrible gurgling sound!
An orc warrior comes into view. It is wielding a +0 mace.
Apple gestures at the orc while chanting.
The puff of frost hits the orc!
The orc dies!
A white ugly thing comes into view.
An orc wizard comes into view. It is wielding a +0 dagger.
Apple points at the orc warrior and mumbles some strange words.
The stone arrow misses the orc warrior.
Things that are here:
a +0 club; a +0 leather armour; an orc corpse You chop the orc warrior into pieces!!!
You kill the orc warrior!
The orc wizard mumbles some strange words.
The orc wizard flickers and vanishes for a moment.
The white ugly thing claws you. The white ugly thing freezes you!!
Items here: ) = [ †.
You barely miss the white ugly thing. The white ugly thing barely misses you.
The orc wizard hits you but does no damage.
You carve the white ugly thing like a ham!!!
You kick the white ugly thing. You bite the white ugly thing.
The white ugly thing is severely wounded.
The white ugly thing claws you! The white ugly thing freezes you!!
The orc wizard hits you with a +0 dagger.
Apple hits the orc wizard with a +0 quarterstaff!
The white ugly thing claws you!
* * * LOW HITPOINT WARNING * * *
The white ugly thing freezes you!!
You die...

###### ##### ....#
#.... #..# # ####....
#..####.#####
........###...)hu......
...#..##...#...Ro......
.........########......
#.........# #####.
.##......#######
#.###.....)..# #
#..#####.# #..# #..#


You could see the friendly Apple the battlemage, a white ugly thing and an orc
wizard (invisible, ally target).

Vanquished Creatures
  Erica (D:10)
  A two-headed ogre (D:11)
  Pikel (D:7)
  An ugly thing (D:11)
  A deep elf pyromancer (D:12)
  A manticore (D:11)
  A cyclops (D:11)
  3 gargoyles
  An unseen horror (D:11)
  A komodo dragon (D:11)
  A tengu conjurer (D:11)
  2 trolls (D:11)
  A merfolk (D:11)
  3 wyverns (D:10)
  22 yaks
  2 steam dragons
  2 vampire mosquitoes (D:12)
  2 water moccasins
  4 orc warriors
  A sky beast (D:7)
  A black bear (D:10)
  2 hornet zombies (D:7)
  A centaur (D:11)
  2 ogres (D:6)
  2 wolves (D:10)
  3 lemures (D:7)
  2 kobold brigands
  An elf zombie (Ossuary)
  4 bullfrogs
  A gnoll sergeant (D:9)
  2 wyvern zombies (D:7)
  2 scorpions
  13 wights
  5 killer bees
  2 howler monkeys
  2 electric eels (D:8)
  2 centaur zombies (Ossuary)
  4 hounds
  A human zombie (D:7)
  3 jellies
  7 orc priests
  A gnoll bouda (D:7)
  2 sleepcaps
  Terence (D:3)
  9 orc wizards
  A killer bee zombie (D:7)
  4 mummies
  10 gnolls
  8 adders
  A white imp (D:6)
  4 ufetubi
  3 adder zombies (Ossuary)
  A worm (D:3)
  4 dart slugs
  37 orcs
  11 bats
  6 endoplasms
  2 giant cockroaches
  7 goblins
  6 hobgoblins
  4 jackals (D:1)
  22 kobolds
  8 quokkas
  2 ball pythons
  3 frilled lizards
  A goblin zombie (Ossuary)
  15 hobgoblin zombies (Ossuary)
  8 kobold zombies (Ossuary)
  5 orc zombies (Ossuary)
  A rat (D:2)
  2 rat zombies (Ossuary)
303 creatures vanquished.

Vanquished Creatures (collateral kills)
  The ghost of DoNotCum the Thaumaturge, a journeyman DECj of Gozag (D:11)
  A manticore (D:12)
  Maurice (D:10)
  An unseen horror (D:11)
  2 komodo dragons
  7 trolls
  A shadow (D:11)
  2 wyverns
  4 yaks
  A steam dragon (D:10)
  2 water moccasins
  An orc warrior (D:9)
  A centaur (D:12)
  A wight (D:10)
  A killer bee (D:9)
  An iguana (D:10)
  2 orc priests (D:9)
  2 orc wizards (D:9)
  2 gnolls (D:9)
  4 orcs
  3 kobolds (D:9)
41 creatures vanquished.

Vanquished Creatures (others)
  A battlemage (D:9)
  An ancestor (D:7)
  A quokka (D:5)
3 creatures vanquished.

Grand Total: 347 creatures vanquished

Notes
Turn   | Place    | Note
-------+----------+-------------------------------------------
     0 | D:1      | Adrian566 the Vampire Shapeshifter began the quest for the
                  | Orb.
     0 | D:1      | Reached XP level 1. HP: 14/14 MP: 1/1
    55 | D:1      | Found a faded altar of an unknown god.
   230 | D:1      | Reached XP level 2. HP: 14/20 MP: 2/2
   496 | D:1      | Found Sicik's Armour Emporium.
   999 | D:2      | Gained mutation: You are afflicted with vampirism and can
                  | become a bat while bloodless. [Vampire growth]
   999 | D:2      | Reached XP level 3. HP: 25/25 MP: 3/3
  1036 | D:2      | Found a shimmering blue altar of Sif Muna.
  1234 | D:2      | Reached skill level 1 in Fighting
  1234 | D:2      | Reached skill level 1 in Stealth
  1234 | D:2      | Reached XP level 4. HP: 31/32 MP: 4/4
  1239 | D:2      | Reached skill level 1 in Polearms
  1885 | D:3      | Reached skill level 1 in Long Blades
  1919 | D:3      | Reached XP level 5. HP: 24/37 MP: 5/5
  2037 | D:3      | Noticed Terence
  2053 | D:3      | Killed Terence
  2079 | D:3      | Reached skill level 2 in Long Blades
  2606 | D:4      | Reached skill level 3 in Long Blades
  2606 | D:4      | Reached XP level 6. HP: 44/44 MP: 6/6
  2754 | D:4      | Found a sparkling altar of Nemelex Xobeh.
  2780 | D:4      | Noticed a water moccasin
  2783 | D:4      | Gained mutation: You have large cloven feet. [potion of
                  | mutation]
  2783 | D:4      | Gained mutation: You are weak. (Str -2) [potion of
                  | mutation]
  2783 | D:4      | Gained mutation: You are very weak. (Str -4) [potion of
                  | mutation]
  2805 | D:4      | Killed a water moccasin
  2806 | D:4      | Reached skill level 4 in Long Blades
  3193 | D:5      | Entered Level 5 of the Dungeon
  3278 | D:5      | Found a broken altar of Ashenzari.
  3336 | D:5      | Noticed a yak
  3336 | D:5      | Noticed a yak
  3337 | D:5      | Noticed a yak
  3337 | D:5      | Noticed a yak
  3354 | D:5      | Noticed a yak
  3364 | D:5      | Killed a yak
  3365 | D:5      | Reached skill level 5 in Shapeshifting
  3365 | D:5      | Reached XP level 7. HP: 34/50 MP: 7/7
  3366 | D:5      | Killed a yak
  3367 | D:5      | Reached skill level 5 in Long Blades
  3382 | D:5      | Killed a yak
  3383 | D:5      | Reached skill level 6 in Long Blades
  3383 | D:5      | Reached skill level 1 in Armour
  3393 | D:5      | Killed a yak
  3394 | D:5      | Reached XP level 8. HP: 20/57 MP: 8/8
  3657 | D:5      | Found a staircase to the Ecumenical Temple.
  3664 | D:5      | Reached skill level 7 in Long Blades
  4116 | Temple   | Entered the Ecumenical Temple
  4135 | Temple   | Became a worshipper of Hepliaklqana the Forgotten
  4317 | D:6      | Found a blossoming altar of Fedhas.
  4369 | D:6      | Found a shimmering blue altar of Sif Muna.
  4446 | D:6      | Found a sand-covered staircase.
  4462 | D:6      | Reached skill level 8 in Long Blades
  4551 | Ossuary  | Entered an ossuary
  4893 | D:6      | Reached XP level 9. HP: 52/64 MP: 9/9
  5009 | D:7      | Found an ornate altar of the Wu Jian Council.
  5167 | D:7      | Reached skill level 9 in Long Blades
  5177 | D:7      | Reached * piety under Hepliaklqana
  5383 | D:7      | Found a basalt altar of Yredelemnul.
  5652 | D:7      | Noticed a gargoyle
  5661 | D:7      | Noticed Pikel
  5841 | D:7      | Killed a gargoyle
  5842 | D:7      | Reached skill level 10 in Long Blades
  5952 | D:7      | Killed Pikel
  5973 | D:7      | Reached XP level 10. HP: 48/63 MP: 10/10
  6038 | D:7      | Found Mirph's Antique Weapon Shop.
  6048 | D:7      | Bought a runed great sword for 266 gold pieces
  6708 | D:8      | Found an iron altar of Okawaru.
  6782 | D:8      | Reached skill level 11 in Long Blades
  6896 | D:8      | Found a sacrificial altar of Ru.
  6979 | D:8      | Found a shimmering altar of Xom.
  7225 | D:8      | Reached ** piety under Hepliaklqana
  7764 | D:9      | Found a staircase to the Orcish Mines.
  7768 | D:8      | Remembered your ancestor Apple as a battlemage
  7999 | D:9      | Reached skill level 12 in Long Blades
  8271 | D:9      | Reached skill level 5 in Fighting
  8697 | D:10     | Entered Level 10 of the Dungeon
  8701 | D:10     | Reached XP level 11. HP: 71/71 MP: 11/11
  8711 | D:10     | Found a staircase to the Lair.
  8801 | D:10     | Reached *** piety under Hepliaklqana
  8823 | D:10     | Noticed Erica
  8824 | D:10     | Reached skill level 13 in Long Blades
  8824 | D:10     | Reached skill level 5 in Armour
  8829 | D:10     | Killed Erica
  8905 | D:10     | Noticed Maurice
  8909 | D:10     | Maurice stole an orb of light
  8910 | D:10     | Maurice stole a beast talisman
  8910 | D:10     | Maurice stole a ring of wizardry
  8911 | D:10     | Killed Maurice
  9224 | D:10     | Found a stormy altar of Qazlal.
  9457 | D:11     | Found a transporter.
  9696 | D:11     | Found Ilounaf's Antique Weapon Boutique.
  9744 | D:11     | Noticed a purple ugly thing
  9750 | D:11     | Killed a purple ugly thing
  9759 | D:11     | Noticed a two-headed ogre
  9763 | D:11     | Killed a two-headed ogre
  9891 | D:11     | Found a transporter.
  9895 | D:11     | Noticed DoNotCum's ghost (journeyman DECj)
 10093 | D:11     | Reached skill level 14 in Long Blades
 10280 | D:11     | Reached XP level 12. HP: 40/79 MP: 12/12
 10778 | D:11     | Killed DoNotCum's ghost
 11123 | D:12     | Reached **** piety under Hepliaklqana
 11293 | D:12     | Slain by a white ugly thing

Illustrated notes

Levels and vault maps discovered:
D:1:      erik_arrival_orb_chamber, layout_basic,
          hellmonk_ecumenical_altar_heavens_door, serial_shops,
          nicolae_shop_crystal
D:2:      minmay_chambers_of_twos, layout_basic, basic_altar
D:3:      layout_loops_ring, nicolae_underground_beach, uniq_terence
D:4:      layout_rooms, mainiacjoe_overflow_tiny_flanked
D:5:      layout_basic, elyvilon_altar_4, ashenzari_conservatory_becter,
          minmay_temple_entry_tees
D:6:      layout_gridville, fedhas_altar_2, nicolae_sif_muna_condensation,
          enter_ossuary_1, grunt_decor_cap
D:7:      layout_loops_cross, mainiacjoe_overflow_chevrons,
          lemuel_mausoleum_altar_yredelemnul, serial_shops,
          nicolae_lakefront_shop, uniq_pikel
D:8:      layout_basic, mainiacjoe_overflow_24_doors, marbit_many_paths,
          xom_teletrap_fun, minmay_misc_feat_square, nicolae_water_bricks
D:9:      layout_irregular_city, minmay_orc_entry_temple_small
D:10:     layout_long_grid, zin_statuary, lemuel_doored_altar,
          minmay_lair_entry_grove, uniq_erica, uniq_maurice
D:11:     minmay_clustersquares, layout_stronghold, serial_shops,
          nicolae_shop_tiny_waterfront, nzn_ghost_randoct,
          hangedman_abyss_or_decor_stabs, hangedman_fish_farm
D:12:     layout_loops_ring, pdpol_wu_jian_five_deadly_venoms
Temple:   compressed_dpeg_circular_temple

Skill      XL: |  1  2  3  4  5  6  7  8  9 10 11 12 |
---------------+-------------------------------------+-----
Shapeshifting  | 4 5 6 7 8 9 |  9.2
Fighting       | 1 2 3 4 5 6 |  6.4
Stealth        | 1 2 3 |  3.4
Polearms       | 1 |  1.0
Long Blades    | 1 3 4 6 8 10 12 14 | 14.8
Dodging        | 3 |  3.7
Armour         | 1 2 3 4 6 |  6.5
Unarmed Combat | |  3.8

Action                     |  1- 3 |  4- 6 |  7- 9 | 10-12 || total
---------------------------+-------+-------+-------+-------++-------
  Melee: Unarmed           |    43 |       |       |    13 ||    56
         Bite              |     4 |    27 |    59 |    27 ||   117
         Spear             |    33 |     4 |       |       ||    37
         Punch             |     2 |     3 |     2 |       ||     7
         Falchion          |       |   232 |   339 |       ||   571
         Kick              |       |    10 |   141 |    53 ||   204
         Great sword       |       |       |       |   213 ||   213
 Invoke: Ancestor Identity |       |       |     1 |     1 ||     2
         Recall Ancestor   |       |       |       |     1 ||     1
         Ancestor Life: Ba |       |       |       |     1 ||     1
    Use: Potion            |     3 |     5 |     5 |     2 ||    15
         Scroll            |       |     6 |     6 |    12 ||    24
   Stab: Sleeping          |     3 |     1 |       |       ||     4
         Distracted        |       |       |     1 |     1 ||     2
         Invisible         |       |       |       |     4 ||     4
 Armour: Animal skin       |    34 |   111 |       |       ||   145
         Plate armour      |       |    79 |   348 |   468 ||   895
         Skin              |       |    44 |       |       ||    44
  Dodge: Dodged            |    29 |   136 |     8 |    57 ||   230
   Form: Beast             |     1 |       |     1 |     1 ||     3
                           |       |       |     1 |     1 ||     2
         Flux              |       |       |       |     1 ||     1

Table legend: (Time is in decaauts)
 A = Elapsed time spent in this place.
 B = Non-inter-level travel time spent in this place.
 C = Inter-level travel time spent in this place.
 D = Time resting spent in this place.
 E = Time spent auto-exploring this place.
 F = Levels seen in this place.
 G = Mean time per level.
                   A        B        C        D        E       F      G
               +--------+--------+--------+--------+--------+-----+--------+
         Total |  11419 |  10847 |    572 |   1359 |   7368 |  14 |  815.6 |
       Dungeon |  11171 |  10633 |    538 |   1359 |   7275 |  12 |  930.9 |
        Temple |     36 |      2 |     34 |      0 |      0 |   1 |   36.0 |
       Ossuary |    210 |    210 |      0 |      0 |     93 |   1 |  210.0 |
               +--------+--------+--------+--------+--------+-----+--------+

Top non-repeatable levels by time:
     D:8: 1704 daAuts
    D:11: 1690 daAuts
     D:7: 1045 daAuts
     D:1: 977 daAuts
     D:5: 965 daAuts
     D:9: 960 daAuts
     D:2: 897 daAuts
    D:10: 781 daAuts
     D:3: 744 daAuts
     D:6: 616 daAuts
     D:4: 602 daAuts
 Ossuary: 210 daAuts
    D:12: 185 daAuts
  Temple: 36 daAuts
